 Dungeon Crawl Stone Soup version 0.29.0-15-g675c0067aa (webtiles) character file.

Game seed: 15155387447167428899

998 qw the Shield-Bearer (level 8, -2/46 HPs)
             Began as a Gargoyle Delver on Sept 11, 2022.
             Was a Follower of Okawaru.
             Slain by a yak (4 damage)
             ... on level 6 of the Dungeon.
             The game lasted 00:01:59 (6833 turns).

qw the Shield-Bearer (Gargoyle Delver)              Turns: 6833, Time: 00:02:00

Health: -2/46      AC: 13    Str: 17    XL:     8   Next: 19%
Magic:  7/9        EV:  9    Int: 12    God:    Okawaru [*.....]
Gold:   240        SH: 17    Dex: 11    Spells: 7/7 levels left

rFire   . . .      SeeInvis .   a - +0 hand axe (spect)
rCold   . . .      Faith    .   k - +0 tower shield
rNeg    + . .      Spirit   .   h - +0 scale mail
rPois   inf        Reflect  .   (no helmet)
rElec   +          Harm     .   (no cloak)
rCorr   .          Rampage  .   (no gloves)
Will    .....                   (no boots)
Stlth   +++.......              e - amulet of regeneration
HPRegen 0.95/turn               (no ring)
MPRegen 0.11/turn               (no ring)

@: heroic
A: sickness immunity, AC +5, negative energy resistance 1, electricity
resistance, torment resistance 1, petrification resistance
a: Renounce Religion, Heroism


You were on level 6 of the Dungeon.
You worshipped Okawaru.
Okawaru was aware of your devotion.
You visited 2 branches of the dungeon, and saw 7 of its levels.

You collected 240 gold pieces.


Innate Abilities, Weirdness & Mutations

You are immune to sickness and miasma.
Your stone body is resilient. (AC +5)
You are immune to poison.
You resist negative energy. (rN+)
You are resistant to electric shocks. (rElec)
You are resistant to unholy torment.
You are immune to petrification.


   Skills:
 - Level 3.2(8.2) Fighting
 - Level 4.7(9.7) Axes
 - Level 1.8(6.8) Armour
 - Level 1.5(6.5) Dodging
 - Level 5.4(10.4) Stealth
 + Level 7.9(12.9) Shields
 + Level 1.5 Invocations


You had 7 spell levels left.
You didn't know any spells.
Your spell library was empty.

Inventory:

Hand Weapons
 a - a +0 spectral hand axe (weapon)
 r - a +0 morningstar
Armour
 h - a +0 scale mail (worn)
 k - a +0 tower shield (worn)
Jewellery
 c - a ring of ice
 e - an amulet of regeneration (around neck)
 o - a ring of ice
 p - a ring of fire
Wands
 g - a wand of digging (3)
Scrolls
 i - a scroll of enchant armour
 q - a scroll of identify
Potions
 b - a potion of curing
 d - a potion of cancellation
 f - 2 potions of haste
 s - a potion of mutation {unknown}

Dungeon Overview and Level Annotations

Branches:
Dungeon (6/15)             Temple (1/1) D:4

Altars:
Ashenzari
Cheibriados
Fedhas
Makhleb
Okawaru
Qazlal
Ru
Sif Muna
Trog
Uskayaw
Vehumet
Yredelemnul
Zin
The Shining One

Annotations:
D:5 2 runed translucent doors


Message History

The yak gores you. You block the yak's attack.
You block the ice beast's attack. The yak gores you!
You slash the yak!
The yak is heavily wounded.
You hit the yak. You hit the yak but do no damage. You hit the ice beast.
Your +0 spectral hand axe hits the yak!
The yak barely misses you. You block the ice beast's attack.
You block the yak's attack. x2
You hit the yak.
The yak is almost dead.
You slash the yak! You barely miss the ice beast.
You hit the yak but do no damage. You block the yak's attack. x2
The ice beast hits you but does no damage.
The yak closely misses you.
You hit the yak.
The yak is almost dead.
You hit the yak. You hit the ice beast. You hit the yak.
You feel like a meek peon again.
The yak gores your +0 spectral hand axe but does no damage.
The yak gores you! You block the ice beast's attack.
The yak gores you but does no damage. The yak barely misses you.
6830 ||| DRINKING potion of heal wounds.
You feel much better. The ice beast hits you. The ice beast freezes you.
You block the yak's attack. x2
The yak barely misses you.
6831 ||| INVOKING Heroism.
You gain the combat prowess of a mighty hero.
The ice beast hits you but does no damage.
The yak gores you. The yak gores you but does no damage.
You block the yak's attack. The yak barely misses you.
You barely miss the yak.
The yak is almost dead.
You hit the yak.
You hit the yak but do no damage. x2; You hit the ice beast.
You block the ice beast's attack. The yak gores you.
The yak closely misses you. The yak gores you! You block the yak's attack.
You closely miss the yak.
The yak is almost dead.
You barely miss the yak. x2; You hit the yak.
You hit the ice beast. You block the ice beast's attack. The yak gores you.
You die...

..... .##.
....#.##...
....)......
#........
#......#####..
##..#..Y......
......YYY.#... #..
#.#.Y@#....# #.#
#...Y....# #.#
##.%#.##.# #.#
###.....# # #.#
#...###.# #.#
####.### #.#
###.###....#####.#
..................
####....########..


You could see 5 yaks and an ice beast.

Vanquished Creatures
  Prince Ribbit (D:4)
  A water moccasin (D:6)
  A phantom (D:6)
  Blork the orc (D:5)
  2 scorpions
  A hound (D:6)
  A jelly (D:5)
  A gnoll bouda (D:5)
  An orc priest (D:4)
  4 iguanas
  An orc wizard (D:3)
  4 adders
  3 gnolls (D:5)
  A white imp (D:6)
  4 worms
  4 dart slugs
  17 orcs
  7 ball pythons
  4 bats
  12 endoplasms
  2 giant cockroaches
  6 goblins
  6 hobgoblins
  2 jackals (D:3)
  5 quokkas
  3 frilled lizards
  6 kobolds
  3 rats
104 creatures vanquished.

Notes
Turn   | Place    | Note
-------+----------+-------------------------------------------
     0 | D:5      | qw the Gargoyle Delver began the quest for the Orb.
     0 | D:5      | Reached XP level 1. HP: 14/14 MP: 1/1
     0 | D:5      | 0 ||| qw: Version: 0.1-a-118-gb4e7ce6
     0 | D:5      | 0 ||| qw: Game counter: 10481
     0 | D:5      | 0 ||| qw: Always use a shield: true
     0 | D:5      | 0 ||| qw: God list: Okawaru
     0 | D:5      | 0 ||| qw: Allow faded altars: false
     0 | D:5      | 0 ||| qw: Do Orc after D:15 true
     0 | D:5      | 0 ||| qw: Do second Lair branch before Depths: true
     0 | D:5      | 0 ||| qw: Lair rune preference: random
     0 | D:5      | 0 ||| qw: Plans: Normal
     0 | D:5      | 0 ||| PLANNING D:1-11
     4 | D:5      | Noticed an iguana
    22 | D:5      | Killed an iguana
    23 | D:5      | Reached skill level 3 in Axes
    23 | D:5      | Reached XP level 2. HP: 10/19 MP: 2/2
    23 | D:5      | Reached XP level 3. HP: 13/23 MP: 3/3
   316 | D:5      | 316 ||| DROPPING scroll of fog.
   317 | D:5      | 317 ||| DROPPING scroll of magic mapping.
   318 | D:5      | 318 ||| DROPPING scroll of fear.
   587 | D:4      | Noticed a scorpion
   609 | D:4      | HP: 4/23 [scorpion (3)]
   613 | D:4      | HP: 1/23 [scorpion (1)]
   614 | D:4      | Killed a scorpion
   615 | D:4      | Reached XP level 4. HP: 1/28 MP: 4/4
  1070 | D:4      | 1070 ||| Stepping ~*~*~tactically~*~*~ (stealth).
  1080 | D:4      | Reached XP level 5. HP: 29/32 MP: 5/5
  1108 | D:4      | 1108 ||| READING scroll labelled URAHIF OXUM.
  1114 | D:4      | 1114 ||| FLEEEEING.
  1115 | D:4      | 1115 ||| FLEEEEING.
  1116 | D:4      | 1116 ||| STAIRDANCE
  1121 | D:3      | 1121 ||| FLEEEEING.
  1122 | D:3      | 1122 ||| FLEEEEING.
  1123 | D:3      | 1123 ||| FLEEEEING.
  1124 | D:3      | 1124 ||| FLEEEEING.
  1125 | D:3      | 1125 ||| STAIRDANCE
  1127 | D:2      | 1127 ||| FLEEEEING.
  1128 | D:2      | 1128 ||| STAIRDANCE
  1336 | D:1      | 1336 ||| Stepping ~*~*~tactically~*~*~ (hiding).
  1438 | D:1      | 1438 ||| Stepping ~*~*~tactically~*~*~ (hiding).
  1540 | D:1      | 1540 ||| Stepping ~*~*~tactically~*~*~ (hiding).
  1642 | D:1      | 1642 ||| Stepping ~*~*~tactically~*~*~ (hiding).
  1750 | D:1      | 1750 ||| Stepping ~*~*~tactically~*~*~ (hiding).
  1852 | D:1      | 1852 ||| Stepping ~*~*~tactically~*~*~ (hiding).
  1954 | D:1      | 1954 ||| Stepping ~*~*~tactically~*~*~ (hiding).
  2056 | D:1      | 2056 ||| Stepping ~*~*~tactically~*~*~ (hiding).
  2158 | D:1      | 2158 ||| Stepping ~*~*~tactically~*~*~ (hiding).
  2260 | D:1      | 2260 ||| Stepping ~*~*~tactically~*~*~ (hiding).
  2362 | D:1      | 2362 ||| Stepping ~*~*~tactically~*~*~ (hiding).
  2464 | D:1      | 2464 ||| Stepping ~*~*~tactically~*~*~ (hiding).
  2566 | D:1      | 2566 ||| Stepping ~*~*~tactically~*~*~ (hiding).
  2668 | D:1      | 2668 ||| Stepping ~*~*~tactically~*~*~ (hiding).
  2770 | D:1      | 2770 ||| Stepping ~*~*~tactically~*~*~ (hiding).
  2872 | D:1      | 2872 ||| Stepping ~*~*~tactically~*~*~ (hiding).
  2974 | D:1      | 2974 ||| Stepping ~*~*~tactically~*~*~ (hiding).
  3076 | D:1      | 3076 ||| Stepping ~*~*~tactically~*~*~ (hiding).
  3178 | D:1      | 3178 ||| Stepping ~*~*~tactically~*~*~ (hiding).
  3280 | D:1      | 3280 ||| Stepping ~*~*~tactically~*~*~ (hiding).
  3382 | D:1      | 3382 ||| Stepping ~*~*~tactically~*~*~ (hiding).
  3484 | D:1      | 3484 ||| Stepping ~*~*~tactically~*~*~ (hiding).
  4071 | D:1      | 4071 ||| UPGRADING to +0 tower shield.
  4076 | D:1      | 4076 ||| UPGRADING to +0 ring mail.
  4086 | D:1      | 4086 ||| DROPPING +0 leather armour.
  4087 | D:1      | 4087 ||| UPGRADING to amulet of regeneration.
  4092 | D:1      | 4092 ||| READING 2 scrolls labelled NOASOF TIODGHI.
  4093 | D:1      | 4093 ||| READING 2 scrolls labelled PETADGHIALI.
  4094 | D:1      | 4094 ||| READING 2 scrolls labelled TIW UCIEL KEIBB.
  4095 | D:1      | 4095 ||| READING scroll labelled GINNIA BUECA.
  4096 | D:1      | 4096 ||| DRINKING 2 fuming orange potions.
  4097 | D:1      | 4097 ||| DROPPING scroll of blinking.
  4098 | D:1      | 4098 ||| DROPPING potion of brilliance.
  4099 | D:1      | 4099 ||| DROPPING scroll of noise.
  4283 | D:2      | 4283 ||| Stepping ~*~*~tactically~*~*~ (stealth).
  4294 | D:2      | 4294 ||| Stepping ~*~*~tactically~*~*~ (stealth).
  4296 | D:2      | 4296 ||| Stepping ~*~*~tactically~*~*~ (stealth).
  4302 | D:2      | 4302 ||| Stepping ~*~*~tactically~*~*~ (stealth).
  4303 | D:2      | 4303 ||| Stepping ~*~*~tactically~*~*~ (stealth).
  4305 | D:2      | 4305 ||| Stepping ~*~*~tactically~*~*~ (stealth).
  4306 | D:2      | 4306 ||| Stepping ~*~*~tactically~*~*~ (stealth).
  4422 | D:2      | Reached skill level 1 in Shields
  4650 | D:2      | 4650 ||| DRINKING 3 brown potions.
  4651 | D:2      | 4651 ||| READING 2 scrolls of identify.
  4651 | D:2      | 4651 ||| IDENTIFYING ruby potion
  4652 | D:2      | 4652 ||| DROPPING potion of berserk rage.
  4653 | D:2      | 4653 ||| DROPPING 2 potions of degeneration.
  4685 | D:3      | Found a glowing silver altar of Zin.
  4687 | D:3      | Found a stormy altar of Qazlal.
  4687 | D:3      | Found a sacrificial altar of Ru.
  4728 | D:3      | 4728 ||| Stepping ~*~*~tactically~*~*~ (stealth).
  4730 | D:3      | 4730 ||| Stepping ~*~*~tactically~*~*~ (stealth).
  4731 | D:3      | 4731 ||| Stepping ~*~*~tactically~*~*~ (stealth).
  4738 | D:3      | Reached skill level 2 in Shields
  4800 | D:3      | Found a burning altar of Makhleb.
  4853 | D:3      | 4853 ||| DROPPING +0 club.
  4876 | D:3      | Reached skill level 3 in Shields
  4876 | D:3      | Reached XP level 6. HP: 37/37 MP: 6/6
  4952 | D:3      | 4952 ||| Stepping ~*~*~tactically~*~*~ (hiding).
  5015 | D:3      | 5015 ||| Stepping ~*~*~tactically~*~*~ (stealth).
  5023 | D:3      | 5023 ||| Stepping ~*~*~tactically~*~*~ (stealth).
  5432 | D:3      | 5432 ||| Stepping ~*~*~tactically~*~*~ (stealth).
  5434 | D:3      | 5434 ||| Stepping ~*~*~tactically~*~*~ (stealth).
  5476 | D:3      | 5476 ||| UPGRADING to +0 scale mail.
  5486 | D:3      | 5486 ||| DROPPING +0 ring mail.
  5487 | D:3      | 5487 ||| DRINKING 2 green potions.
  5488 | D:3      | 5488 ||| READING 3 scrolls of identify.
  5488 | D:3      | 5488 ||| IDENTIFYING orange potion
  5489 | D:3      | 5489 ||| READING 2 scrolls of identify.
  5489 | D:3      | 5489 ||| IDENTIFYING metallic black potion
  5578 | D:4      | 5578 ||| Stepping ~*~*~tactically~*~*~ (stealth).
  5580 | D:4      | 5580 ||| Stepping ~*~*~tactically~*~*~ (hiding).
  5582 | D:4      | 5582 ||| Stepping ~*~*~tactically~*~*~ (hiding).
  5591 | D:4      | Reached skill level 4 in Shields
  5645 | D:4      | Found a staircase to the Ecumenical Temple.
  5647 | D:4      | 5647 ||| PLANNING TEMPLE
  5647 | D:4      | 5647 ||| READING scroll labelled OHIN LOGRIFEL.
  5655 | Temple   | Entered the Ecumenical Temple
  5840 | Temple   | 5840 ||| PLANNING D:1-11
  5847 | Temple   | Became a worshipper of Warmaster Okawaru
  6069 | D:4      | 6069 ||| READING scroll labelled MUSHRU WUMIKUG.
  6090 | D:4      | 6090 ||| Stepping ~*~*~tactically~*~*~ (stealth).
  6144 | D:3      | Found a glowing golden altar of the Shining One.
  6174 | D:5      | Noticed Prince Ribbit
  6174 | D:5      | Noticed Blork the orc
  6175 | D:5      | 6175 ||| STAIRDANCE
  6194 | D:4      | Killed Prince Ribbit
  6195 | D:4      | Reached skill level 6 in Shields
  6195 | D:4      | Reached XP level 7. HP: 41/41 MP: 7/7
  6202 | D:5      | Killed Blork the orc
  6203 | D:5      | Reached skill level 1 in Armour
  6228 | D:5      | Found a runed translucent door.
  6230 | D:5      | Found a runed translucent door.
  6231 | D:5      | Noticed a vampire mosquito
  6427 | D:5      | 6427 ||| Stepping ~*~*~tactically~*~*~ (stealth).
  6431 | D:5      | 6431 ||| Stepping ~*~*~tactically~*~*~ (hiding).
  6432 | D:5      | 6432 ||| Stepping ~*~*~tactically~*~*~ (hiding).
  6441 | D:5      | Reached * piety under Okawaru
  6442 | D:5      | Reached skill level 7 in Shields
  6442 | D:5      | 6442 ||| INVOKING Heroism.
  6452 | D:5      | 6452 ||| FLEEEEING.
  6471 | D:5      | 6471 ||| DROPPING +0 flail of protection.
  6674 | D:5      | 6674 ||| READING 2 scrolls labelled IKATIKH LIOH.
  6675 | D:5      | 6675 ||| READING scroll labelled HAUNUO BASON.
  6676 | D:5      | 6676 ||| READING 2 scrolls of identify.
  6676 | D:5      | 6676 ||| IDENTIFYING grey potion
  6677 | D:5      | 6677 ||| DROPPING scroll of vulnerability.
  6678 | D:5      | 6678 ||| DROPPING potion of attraction.
  6705 | D:6      | 6705 ||| Stepping ~*~*~tactically~*~*~ (stealth).
  6707 | D:6      | 6707 ||| Stepping ~*~*~tactically~*~*~ (stealth).
  6716 | D:6      | Reached XP level 8. HP: 40/46 MP: 8/8
  6716 | D:6      | 6716 ||| FLEEEEING.
  6717 | D:6      | 6717 ||| STAIRDANCE
  6767 | D:6      | Reached skill level 1 in Invocations
  6806 | D:6      | 6806 ||| Stepping ~*~*~tactically~*~*~ (stealth).
  6811 | D:6      | 6811 ||| Stepping ~*~*~tactically~*~*~ (stealth).
  6813 | D:6      | Noticed a yak
  6814 | D:6      | Noticed a yak
  6815 | D:6      | 6815 ||| INVOKING Heroism.
  6816 | D:6      | 6816 ||| INVOKING Heroism.
  6816 | D:6      | Noticed a yak
  6817 | D:6      | Noticed a yak
  6820 | D:6      | Noticed a yak
  6823 | D:6      | HP: 7/46 [yak (13)]
  6824 | D:6      | 6824 ||| DRINKING 2 potions of heal wounds.
  6829 | D:6      | HP: 8/46 [yak (9)]
  6830 | D:6      | 6830 ||| DRINKING potion of heal wounds.
  6831 | D:6      | 6831 ||| INVOKING Heroism.
  6832 | D:6      | HP: 1/46 [yak (10)]
  6833 | D:6      | Slain by a yak

Levels and vault maps discovered:
D:1:      minmay_arrival_doors, layout_basic, minmay_close_crescents
D:2:      layout_basic
D:3:      minmay_evil_eye, layout_basic, nicolae_overflow_hidden_temple,
          gammafunk_temple_overflow_forgotten
D:4:      layout_basic, minmay_temple_entry_arrows, hangedman_decor_lopped,
          chequers_serial_rivers_micro_b, kennysheep_small_circle
D:5:      lemuel_insect_pit, layout_cave_pools, palyth_stone_intersect,
          uniq_prince_ribbit1, uniq_blork_the_orc
D:6:      minmay_cornered_nines, layout_rooms, nzn_wu_jian_council_hall,
          minmay_ruffians
Temple:   nicolae_temple_bog_church

Skill      XL: |  1  2  3  4  5  6  7  8 |
---------------+-------------------------+-----
Axes           | 3 4 |  4.7
Shields        | 3 6 7 |  7.9
Armour         | 1 |  1.8
Invocations    | 1 |  1.5
Fighting       | |  3.2
Dodging        | |  1.5
Stealth        | |  5.4

Action                   |  1- 3 |  4- 6 |  7- 9 || total
-------------------------+-------+-------+-------++-------
Melee: Hand axe          |    76 |   127 |    55 ||   258
Throw: Boomerang         |       |    64 |       ||    64
Invok: Heroism           |       |       |     3 ||     3
  Use: Scroll            |       |    10 |     3 ||    13
       Potion            |       |     3 |     2 ||     5
 Stab: Sleeping          |     1 |       |       ||     1
       Distracted        |       |     1 |     2 ||     3
Armor: Leather armour    |    20 |     7 |       ||    27
       Ring mail         |       |    17 |       ||    17
       Scale mail        |       |     3 |    22 ||    25
Dodge: Dodged            |    51 |    22 |    19 ||    92
Block: Tower shield      |       |    38 |    44 ||    82

Table legend:
 A = Non-vault XP
 B = Vault XP
 C = Vault XP percentage of total XP
 D = Non-vault monster count
 E = Vault monster count
 F = Vault count percentage of total count
                 A         B        C        D         E       F
            +---------+---------+-------+---------+---------+-------
      Total |    1028 |     398 |  27.9 |      89 |      15 |  14.4
            +---------+---------+-------+---------+---------+-------
        D:1 |      13 |      12 |  48.0 |       9 |       5 |  35.7
        D:2 |      55 |       0 |   0.0 |      17 |       0 |   0.0
        D:3 |     151 |      13 |   7.9 |      31 |       6 |  16.2
        D:4 |     201 |     282 |  58.4 |      16 |       3 |  15.8
        D:5 |     312 |      91 |  22.6 |      12 |       1 |   7.7
        D:6 |     296 |       0 |   0.0 |       4 |       0 |   0.0
            +---------+---------+-------+---------+---------+-------
